Match 40460302
Unlisted

Match 40460302
End
Royal Engineer Section
Vickers Machine Gun Team
Selects Canadian Shock Battlegroup
Construct Section Command Post
Infantry Section
Construct Platoon Command Post
Construct Field Infirmary
Selects Attacking Spirit
Humber Armored Car
Selects Canadian Shock Section
Canadian Shock Section
Construct Field Infirmary
Selects Incendiary Munitions
Infantry Training
Selects Pyrotechnics
Canadian Shock Section
Construct Company Command Post
Crusader II Medium Tank
Foot Guards Section
Crusader II Medium Tank
Unlock M3 Grant Medium Tanks
M3 Grant Medium Tank
M3 Grant Medium Tank
Vickers Machine Gun Team
Armored Vehicle Training
Selects Churchill Crocodile Heavy Tank
6-pounder Anti-tank Gun Team
6-pounder Anti-tank Gun Team
Team Weapon Training
Selects Smoke Operation
Churchill Crocodile Heavy Tank
Smoke Operation
M3 Grant Medium Tank
Smoke Operation
CMP 15cwt Truck
CMP 15cwt Truck
Unlock Towed 17-pounder Anti-tank Guns
Smoke Operation
17-pounder Anti-tank Gun Team
CAuMOH
Asuka top soska>З
Mintjack
denny870522
0
0

Comments sign in to comment!

No comments posted yet!